[Event "*** Titled Tuesday 3|2 Blitz"]
[Site "Chess.com"]
[Date "2016.09.06"]
[Round "7"]
[White "wonderfultime"]
[Black "ilya261991"]
[Result "1/2-1/2"]
[WhiteElo "2666"]
[BlackElo "2495"]
[TimeControl "180+2"]
[EndTime "12:23:08 PDT"]
[Termination "Game drawn by agreement"]

1. d4 Nf6 2. c4 g6 3. Nc3 d5 4.
cxd5 Nxd5 5. e4 Nxc3 6. bxc3 Bg7 7. Qa4+ Nd7 8. Nf3 O-O 9. Be2 c5 10. O-O cxd4 11. cxd4 Nb6 12. Qa3 Qd6 13. Qxd6 exd6 14.
Ba3 Rd8 15. Rac1 Bg4 16. Rc7 Rd7 17. Rxd7 Nxd7 18. Bxd6 Bxf3 19. Bxf3 Bxd4 20. Rd1 Be5 1/2-1/2

[Event "*** Titled Tuesday 3|2 Blitz"]
[Site "Chess.com"]
[Date "2016.09.06"]
[Round "7"]
[White "Gabrielian_Artur"]
[Black "MateusViageiro"]
[Result "1-0"]
[WhiteElo "2516"]
[BlackElo "2361"]
[TimeControl "180+2"]
[EndTime "12:23:09 PDT"]
[Termination "Gabrielian_Artur won by resignation"]

1. e4 c5 2. Nf3 d6 3. d4 cxd4 4. Nxd4 Nf6 5. Nc3 a6 6. Bg5 e6 7. Qe2 Be7 8. O-O-O Qc7 9. f4 h6 10. Bh4 Nxe4 11. Nxe4 Bxh4 12. Nf5 Be7 13. Nexd6+ Bxd6 14. Nxd6+ Kf8 15. Qh5 Nc6 16. Bc4 Qe7 17. Rhe1 Qf6 18. g3 g6 19. Qc5 Kg7 20. Bb3 a5 21. Ne4 Qf5 22. Qc3+ f6 23. Nd6 Qh3 24. Nxc8 Rhxc8 25. Rd7+ 1-0

[Event "*** Titled Tuesday 3|2 Blitz"]
[Site "Chess.com"]
[Date "2016.09.06"]
[Round "7"]
[White "NTBT_DHS"]
[Black "putinwarrior"]
[Result "1-0"]
[WhiteElo "2522"]
[BlackElo "2352"]
[TimeControl "180+2"]
[EndTime "12:23:26 PDT"]
[Termination "NTBT_DHS won by resignation"]

1. d4 Nf6 2. c4 c5 3. d5 e6 4. Nc3 exd5 5. cxd5 d6 6. Nf3 g6 7. g3 Bg7 8. Bg2 O-O 9. O-O a6 10. a4 Nbd7 11. h3 Re8 12. Nd2 Rb8 13. Nc4 Ne5 14. Na3 Nh5 15. e4 f5 16.
exf5 Bxf5 17. g4 Bxg4 18. hxg4 Qh4 19. gxh5 Rf8 20. h6 Bh8 21. Nc4 Ng4 22. Qxg4 Qxg4 23. Ne4 b6 24. Ra3 Be5 25. Nxe5 dxe5 26. Rg3 Qd7 27. Bg5 Kh8 28. Bf6+ Kg8 29. Bxe5 Qxa4 30. Nf6+ Rxf6 31. Bxf6 Rf8 32. Be7 Re8 33. d6 1-0

[Event "*** Titled Tuesday 3|2 Blitz"]
[Site "Chess.com"]
[Date "2016.09.06"]
[Round "7"]
[White "Mastervlad8"]
[Black "Kawhi_Leonard2"]
[Result "1/2-1/2"]
[WhiteElo "2138"]
[BlackElo "2016"]
[TimeControl "180+2"]
[EndTime "12:23:45 PDT"]
[Termination "Game drawn by repetition"]

1. e4 c5 2. Nf3 d6 3. d4 cxd4 4. Nxd4 Nf6 5. Nc3 g6 6. Be3 Bg7 7. f3 O-O 8. Qd2 Nc6 9. g4 Be6 10. Nxe6 fxe6 11. O-O-O Ne5 12. Be2 Qc8 13. Kb1 Nc4 14.
Bxc4 Qxc4 15. h4 Nd7 16. h5 Rxf3 17. hxg6 hxg6 18. Bh6 Bxc3 19. bxc3 Qxc3 20. Qh2 Qb4+ 21. Kc1 Qa3+ 22. Kb1 Qb4+ 23. Kc1 Qa3+ 24. Kb1 Qb4+ 1/2-1/2

[Event "*** Titled Tuesday 3|2 Blitz"]
[Site "Chess.com"]
[Date "2016.09.06"]
[Round "7"]
[White "ftorodent"]
[Black "OparinGrigoriy"]
[Result "0-1"]
[WhiteElo "2489"]
[BlackElo "2601"]
[TimeControl "180+2"]
[EndTime "12:23:52 PDT"]
[Termination "OparinGrigoriy won by resignation"]

1. d4 Nf6 2. c4 e6 3. Nf3 b6 4.
g3 Ba6 5. Qb3 Nc6 6. Nbd2 Na5 7.
Qc2 c5 8. dxc5 bxc5 9. Bg2 Bb7 10. O-O Be7 11. b3 O-O 12. Bb2 Nc6 13. Rad1 Qc7 14. Nb1 d6 15. Nc3 a6 16. Rd2 Rfd8 17. Rfd1 Rd7 18. Ng5 h6 19. Nge4 Rad8 20. Nxf6+ Bxf6 21. Ne4 Bxb2 22. Qxb2 Nd4 23. e3 Nf5 24. Qc3 Ne7 25. Qc2 Nc6 26. Nc3 Ne5 27. e4 Nc6 28. Ne2 e5 29. f4 Nd4 30. Nxd4 exd4 31. Qd3 Re7 32. Re1 Rde8 33. Rde2 Qa5 34. h4 h5 35.
Kh2 Bc8 36. Bf3 g6 37. Rf2 Qxe1 0-1

[Event "*** Titled Tuesday 3|2 Blitz"]
[Site "Chess.com"]
[Date "2016.09.06"]
[Round "7"]
[White "Colombiano07"]
[Black "hypert"]
[Result "0-1"]
[WhiteElo "2189"]
[BlackElo "2340"]
[TimeControl "180+2"]
[EndTime "12:24:07 PDT"]
[Termination "hypert won by resignation"]

1. Nf3 d5 2. b3 Nc6 3. Bb2 Bg4 4. e3 e5 5. h3 Bxf3 6. Qxf3 Nf6 7. Nc3 a6 8. g4 h6 9. Bg2 e4 10. Qe2 Bd6 11. O-O-O Qe7 12. f3 O-O-O 13. h4 exf3 14. Bxf3 Ba3 15. g5 Ne4 16. Bxe4 Bxb2+ 17. Kxb2 dxe4 18. Qg4+ Kb8 19. Qxe4 hxg5 20. Qxe7 Nxe7 21. hxg5 Rxh1 22. Rxh1 Rxd2 23. Rh8+ Ka7 24. Rh7 Nf5 25. e4 Nd4 26. Rxg7 Rxc2+ 27. Ka3 Rxc3 28. Rxf7 Rg3 29. Rxc7 Nb5+ 0-1

[Event "*** Titled Tuesday 3|2 Blitz"]
[Site "Chess.com"]
[Date "2016.09.06"]
[Round "7"]
[White "Lali-Rustavi"]
[Black "RamonManon0g"]
[Result "0-1"]
[WhiteElo "1815"]
[BlackElo "2185"]
[TimeControl "180+2"]
[EndTime "12:24:14 PDT"]
[Termination "RamonManon0g won by resignation"]

1. e4 c5 2. Nc3 Nc6 3. f4 g6 4.
Nf3 Bg7 5. Bc4 e6 6. f5 exf5 7. d3 Nge7 8. O-O O-O 9. a3 d6 10. Bg5 Be6 11. Nd5 Nd4 12. Bxe7 Qd7 13. Bxf8 Rxf8 14.
Nxd4 Bxd4+ 15. Kh1 Bxb2 16. Ra2 Bg7 17. a4 Kh8 18. a5 Be5 19. c3 Qd8 20. d4 cxd4 21. cxd4 Bg7 22. exf5 Bxf5 23. Bd3 Be6 24. Bc4 Qh4 25.
Rd2 Bh6 26. Rd3 Rc8 27. Qb3 Qe4 28. Rdd1 Rxc4 29. Qxc4 Bxd5 30. Qa2 Bxa2 31. Rxf7 Bxf7 32. Rf1 0-1

[Event "*** Titled Tuesday 3|2 Blitz"]
[Site "Chess.com"]
[Date "2016.09.06"]
[Round "7"]
[White "talaicito"]
[Black "cassoulet"]
[Result "0-1"]
[WhiteElo "1978"]
[BlackElo "2311"]
[TimeControl "180+2"]
[EndTime "12:24:41 PDT"]
[Termination "cassoulet won on time"]

1. e4 c5 2. Nf3 d6 3. d4 cxd4 4.
Nxd4 Nf6 5. Nc3 g6 6. g3 Bg7 7. Bg2 O-O 8. O-O Nc6 9. Nde2 Bg4 10. h3 Be6 11. Be3 Rc8 12. Nd5 b6 13. Qd2 Ne5 14.
b3 Bxh3 15. f4 Bxg2 16. fxe5 Nxe4 17. Qd3 Bxf1 18. Rxf1 Nc5 19. Bxc5 Rxc5 20. exd6 Qxd6 21.
c4 Rcc8 22. Nef4 Rcd8 23. Qf3 e6 24. Ne3 Qc5 25. Kg2 Rd2+ 26. Kh3 Bd4 27. Ng4 Qg5 28.
Rd1 Rxd1 29. Qxd1 e5 0-1

[Event "*** Titled Tuesday 3|2 Blitz"]
[Site "Chess.com"]
[Date "2016.09.06"]
[Round "7"]
[White "macko06"]
[Black "petrpalachev"]
[Result "0-1"]
[WhiteElo "2183"]
[BlackElo "2406"]
[TimeControl "180+2"]
[EndTime "12:24:57 PDT"]
[Termination "petrpalachev won by resignation"]

1. d4 d5 2. c4 c6 3. Nf3 Nf6 4. Nc3 e6 5. e3 Nbd7 6. Qc2 Bd6 7. g4 h6 8. Bd3 dxc4 9. Bxc4 b5 10.
Bd3 Bb7 11. e4 b4 12. Ne2 c5 13. Rg1 cxd4 14. Nfxd4 Nc5 15. Bb5+ Ke7 16. f3 Rc8 17. Qd1 Bxh2 18. Rg2 Be5 19. Be3 Qa5 20. Nc6+ Rxc6 21.
Bxc6 Bxc6 22. Rc1 Nfd7 23. Nd4 Bb7 24. Rd2 Rc8 25. Nb3 Qb5 26. Nxc5 Nxc5 27. Bxc5+ Rxc5 28. Kf2 Rxc1 29. Qxc1 Bf4 0-1

[Event "*** Titled Tuesday 3|2 Blitz"]
[Site "Chess.com"]
[Date "2016.09.06"]
[Round "7"]
[White "SCIM"]
[Black "Ksenia_Legenko"]
[Result "1-0"]
[WhiteElo "2250"]
[BlackElo "2003"]
[TimeControl "180+2"]
[EndTime "12:25:08 PDT"]
[Termination "SCIM won by resignation"]

1. d4 d5 2. c4 dxc4 3. e3 Nf6 4. Bxc4 e6 5. Nf3 a6 6. Bb3 b5 7. a4 b4 8. e4 Nxe4 9. O-O Bb7 10. Re1 Nf6 11. Ng5 Bd5 12. Nd2 h6 13. Nh3 Be7 14. Nc4 O-O 15. Nf4 Bb7 16. Ne5 c5 17. Nxe6 fxe6 18.
Bxe6+ Kh8 19. Ng6+ Kh7 20. Qc2 Be4 21. Rxe4 Re8 22. Rh4 cxd4 23. Nf8+ Kh8 24. Qh7+ 1-0

[Event "*** Titled Tuesday 3|2 Blitz"]
[Site "Chess.com"]
[Date "2016.09.06"]
[Round "7"]
[White "Iuri_Shkuro"]
[Black "RodinMihail"]
[Result "1-0"]
[WhiteElo "2480"]
[BlackElo "2334"]
[TimeControl "180+2"]
[EndTime "12:25:15 PDT"]
[Termination "Iuri_Shkuro won by resignation"]

1. e4 e5 2. Nf3 Nc6 3. Nc3 Nf6 4. a3 d5 5. Bb5 Nxe4 6. O-O Nxc3 7.
dxc3 Bg4 8. h3 Bxf3 9. Qxf3 Be7 10. Rd1 e4 11. Qf5 g6 12. Qxd5 Qxd5 13. Rxd5 O-O 14. Bxc6 bxc6 15. Re5 Rfe8 16. Rxe4 Bc5 17. Rxe8+ Rxe8 18.
Kf1 a6 19. Bf4 Bd6 20. Be3 f6 21. Rd1 Kf7 22. c4 c5 23. b3 Ke6 24. Rd5 c6 25. Rd2 g5 26. g4 h6 27. Kg2 Rb8 28. Kf3 Re8 29. Rd3 Rb8 30. Rd1 Rb7 31. h4 Rb8 32. Rh1 Rd8 33. hxg5 hxg5 34. Rh7 Be7 35. Ke2 Rg8 36.
f3 Rf8 37. Rxe7+ 1-0

[Event "*** Titled Tuesday 3|2 Blitz"]
[Site "Chess.com"]
[Date "2016.09.06"]
[Round "7"]
[White "MattyDPerrine"]
[Black "FearlessKing64"]
[Result "1-0"]
[WhiteElo "2215"]
[BlackElo "2306"]
[TimeControl "180+2"]
[EndTime "12:25:26 PDT"]
[Termination "MattyDPerrine won by resignation"]

1. d4 Nf6 2. c4 g6 3. Nf3 Bg7 4. g3 O-O 5. Bg2 d5 6. O-O dxc4 7. Na3 Be6 8. Ng5 Bd5 9. e4 h6 10. exd5 hxg5 11. d6 c6 12. dxe7 Qxe7 13. Bxg5 b5 14.
Nxb5 Qb7 15. Na3 Qxb2 16. Nxc4 Qb5 17. Ne5 Nd5 18. Qb3 Qa5 19. Rac1 Qa6 20. Bxd5 cxd5 21. Qxd5 Bxe5 22. dxe5 1-0

[Event "*** Titled Tuesday 3|2 Blitz"]
[Site "Chess.com"]
[Date "2016.09.06"]
[Round "7"]
[White "geordie_derraugh"]
[Black "Polemistis"]
[Result "1-0"]
[WhiteElo "2175"]
[BlackElo "1818"]
[TimeControl "180+2"]
[EndTime "12:25:45 PDT"]
[Termination "geordie_derraugh won by resignation"]

1. e4 c5 2. Nf3 Nc6 3. Bb5 g6 4.
Bxc6 bxc6 5. O-O Bg7 6. Re1 Nh6 7. c3 O-O 8. d4 cxd4 9. cxd4 d5 10. e5 Bg4 11. h3 Bxf3 12. Qxf3 Nf5 13. Rd1 Qb6 14. Qd3 e6 15. Nc3 a5 16. Na4 Qa7 17. b3 Rfb8 18. Ba3 Bf8 19. Bxf8 Kxf8 20. Rac1 Rb4 21. Rxc6 Rxd4 22. Qc2 Re4 23. Nc5 Nd4 24. Rxd4 Rxd4 25. Ra6 Rd1+ 26. Qxd1 Qxa6 27. Nxa6 Rxa6 28. Qd4 Kg7 29. Qc5 Ra8 30. g4 h6 31. f4 Ra6 32. a3 Ra8 33. Kf2 Ra6 34. f5 gxf5 35. gxf5 exf5 36. Qxd5 Ra7 37. Kf3 Ra6 38. Kf4 Rb6 39.
Kxf5 Rxb3 40. Qxb3 1-0

[Event "*** Titled Tuesday 3|2 Blitz"]
[Site "Chess.com"]
[Date "2016.09.06"]
[Round "7"]
[White "Iball95"]
[Black "Sinquefield"]
[Result "0-1"]
[WhiteElo "2504"]
[BlackElo "2174"]
[TimeControl "180+2"]
[EndTime "12:25:58 PDT"]
[Termination "Sinquefield won by resignation"]

1. e4 c5 2. Nf3 e6 3. g3 Nc6 4.
Bg2 Nf6 5. Qe2 Be7 6. O-O O-O 7. c3 d5 8. e5 Nd7 9. d4 b5 10. Qxb5 Qc7 11. Qe2 Rb8 12. Be3 a5 13. b3 a4 14.
Nbd2 Na5 15. bxa4 Qa7 16. Rfb1 Ba6 17. Qd1 Bd3 18. Rxb8 Rxb8 19. Ne1 Bg6 20. h4 h6 21. h5 Bh7 22. a3 c4 23. Nc2 Nb3 24. Ra2 Qxa4 25.
Nb4 Bxb4 26. cxb4 Rxb4 27. Bf1 Rb8 28. Qe1 c3 29. Nxb3 Qxb3 30. Ra1 Nb6 31. Qc1 Na4 32.
Be2 Qb2 33. Bd1 c2 34. Be2 Qxa1 35. Qxa1 Rb1+ 0-1

[Event "*** Titled Tuesday 3|2 Blitz"]
[Site "Chess.com"]
[Date "2016.09.06"]
[Round "7"]
[White "biostatistician"]
[Black "roldieyi"]
[Result "1-0"]
[WhiteElo "2370"]
[BlackElo "2222"]
[TimeControl "180+2"]
[EndTime "12:26:04 PDT"]
[Termination "biostatistician won by resignation"]

1. d4 Nf6 2. Nf3 e6 3. c4 d5 4. Nc3 Be7 5. Bg5 O-O 6. e3 b6 7. Be2 Nbd7 8. cxd5 exd5 9. O-O Bb7 10. Rc1 a6 11. Qb3 c5 12. dxc5 Nxc5 13. Qc2 Rc8 14. Qf5 Ne6 15. Bh4 b5 16. Rfd1 b4 17. Na4 Rxc1 18.
Rxc1 Bc8 19. Qd3 Bb7 20. Nd4 Nxd4 21. Qxd4 Ne4 22. Bxe7 Qxe7 23. Bf3 Re8 24. h3 h6 25.
Nc5 Nxc5 26. Qxc5 Qxc5 27. Rxc5 Rd8 28. Kf1 Kf8 29. Ke2 Rd7 30. Kd3 Ke7 31. Kd4 Kd6 32. Bxd5 Ke7 33. e4 f5 34. exf5 Kf6 35. g4 h5 36. f4 hxg4 37. hxg4 Rd8 38. Kc4 Bxd5+ 39. Rxd5 Rc8+ 40. Kxb4 Rb8+ 41. Kc3 Rc8+ 42. Kd3 Rc1 43.
Rd6+ Kf7 44. Rxa6 1-0

[Event "*** Titled Tuesday 3|2 Blitz"]
[Site "Chess.com"]
[Date "2016.09.06"]
[Round "7"]
[White "igorkovalenko"]
[Black "Rsnr"]
[Result "1-0"]
[WhiteElo "2607"]
[BlackElo "2509"]
[TimeControl "180+2"]
[EndTime "12:26:09 PDT"]
[Termination "igorkovalenko won by resignation"]

1. d4 d5 2. Nf3 Nf6 3. c4 c6 4. Nc3 e6 5. Bg5 h6 6. Bxf6 Qxf6 7. e3 Nd7 8. Qc2 Bd6 9. Be2 dxc4 10. Bxc4 O-O 11. O-O b6 12. Rad1 Bb7 13. Rfe1 Qe7 14.
a3 Rac8 15. Qe2 c5 16. d5 exd5 17. Bxd5 Bxd5 18. Nxd5 Qe6 19. Qa6 Bb8 20. b3 Rfd8 21. Qc4 Re8 22. a4 Ne5 23. Nxe5 Qxe5 24. g3 h5 25. e4 h4 26. f4 Qh5 27. Kg2 h3+ 28. Kf2 Rcd8 29. Rd3 Kh8 30. e5 Qf5 31. Qe4 Qe6 32.
Red1 a6 33. Nf6 gxf6 34. Rxd8 fxe5 35. f5 Qe7 36. Rxe8+ Qxe8 37. f6 1-0

[Event "*** Titled Tuesday 3|2 Blitz"]
[Site "Chess.com"]
[Date "2016.09.06"]
[Round "7"]
[White "Sanan_Sjugirov"]
[Black "DeviatkinAndrey"]
[Result "1-0"]
[WhiteElo "2710"]
[BlackElo "2617"]
[TimeControl "180+2"]
[EndTime "12:26:18 PDT"]
[Termination "Sanan_Sjugirov won by resignation"]

1. d4 d5 2. c4 c6 3. Nf3 Nf6 4. e3 Bf5 5. Nc3 e6 6. Nh4 Bg6 7. Nxg6 hxg6 8. h3 Nbd7 9. Bd3 Bd6 10. O-O Qe7 11. c5 Bc7 12. f4 Ba5 13. Bd2 b6 14.
cxb6 axb6 15. a3 c5 16. b4 cxb4 17. axb4 Qxb4 18. Nb5 Qb2 19. Bc3 Qxa1 20. Qxa1 O-O 21. Bxa5 bxa5 22. Rc1 a4 23. Rc6 Ra5 24. Qa3 Rfa8 25.
Nc3 Rb8 26. Nxa4 Rba8 27. Bc2 Ne4 28. Rc7 Ndf6 29. Qe7 Rf8 30. Bxe4 Rxa4 31. Bxg6 Ra1+ 32. Kh2 1-0

[Event "*** Titled Tuesday 3|2 Blitz"]
[Site "Chess.com"]
[Date "2016.09.06"]
[Round "7"]
[White "Saitama_Hero"]
[Black "chorejason"]
[Result "1-0"]
[WhiteElo "2270"]
[BlackElo "2040"]
[TimeControl "180+2"]
[EndTime "12:26:21 PDT"]
[Termination "Saitama_Hero won by resignation"]

1. d4 Nf6 2. Nf3 g6 3. Bg5 Bg7 4. Nbd2 O-O 5. e4 d5 6. Bd3 dxe4 7. Nxe4 Nc6 8. c3 Bg4 9. O-O h6 10. Bh4 Nxe4 11. Bxe4 g5 12. Bg3 f5 13. Bxc6 bxc6 14.
Qb3+ Qd5 15. Qxd5+ cxd5 16. Bxc7 Bxf3 17. gxf3 Rfc8 18.
Ba5 e5 19. dxe5 Bxe5 20. Rad1 Rc5 21. Bb4 Rb5 22. a4 Rb7 23. Rxd5 Bf4 24. Re1 a5 25. Bxa5 Rxb2 26. Rxf5 Kg7 27. Re6 Rab8 28. Bb4 Rd8 29. Re1 Kg6 30. Rb5 Kh5 31. Bc5 Rdd2 32.
Rxb2 Rxb2 33. Ra1 Kg6 34. a5 Rb7 35. a6 Rb8 36. a7 Ra8 37. Rd1 Kf5 38. Bb6 Ke6 39. Rd8 1-0

[Event "*** Titled Tuesday 3|2 Blitz"]
[Site "Chess.com"]
[Date "2016.09.06"]
[Round "7"]
[White "goingin33"]
[Black "IamSchrodingersCat"]
[Result "1-0"]
[WhiteElo "2162"]
[BlackElo "2270"]
[TimeControl "180+2"]
[EndTime "12:26:48 PDT"]
[Termination "goingin33 won by resignation"]

1. e4 c5 2. Nf3 d6 3. d4 cxd4 4.
Qxd4 Nc6 5. Bb5 Bd7 6. Bxc6 bxc6 7. c4 e5 8. Qd3 Nf6 9. Nc3 Be7 10. h3 Qc7 11. b3 O-O 12. Bg5 Be6 13. O-O h6 14.
Bxf6 Bxf6 15. Rfd1 Be7 16. Rac1 Qb7 17. c5 Rad8 18.
Qe2 f6 19. cxd6 Rxd6 20. Na4 Rfd8 21. Rxd6 Bxd6 22. Nc5 Bxc5 23. Rxc5 Qb6 24. Qc2 Rd6 25. Kh2 Kh7 26. Qc3 Qa6 27. Ra5 Qe2 28. Qe1 Qc2 29. Rxa7 Rd7 30. Rxd7 Bxd7 31. Qd2 Qxd2 32. Nxd2 Kg8 33.
Nc4 Kf8 34. Nb6 Be6 35. a4 Ke7 36. a5 Kd8 37. b4 Kc7 38. Na4 Bf7 39. Nc5 Bc4 40. Kg3 Bf1 41. h4 g6 42. Kf3 h5 43.
g3 Kd6 44. a6 Kc7 45. a7 1-0

[Event "*** Titled Tuesday 3|2 Blitz"]
[Site "Chess.com"]
[Date "2016.09.06"]
[Round "7"]
[White "Lapitch"]
[Black "nonscitis"]
[Result "1-0"]
[WhiteElo "2557"]
[BlackElo "2353"]
[TimeControl "180+2"]
[EndTime "12:26:55 PDT"]
[Termination "Lapitch won by resignation"]

1. Nf3 Nf6 2. c4 c5 3. g3 g6 4.
Bg2 Bg7 5. O-O O-O 6. Nc3 Nc6 7.
d4 cxd4 8. Nxd4 d6 9. Nxc6 bxc6 10.
Bxc6 Rb8 11. Bg2 Be6 12. b3 d5 13. Bf4 Rc8 14. Nxd5 Bxd5 15. cxd5 Nxd5 16. Qxd5 Bxa1 17. Rxa1 Rc2 18. Qxd8 Rxd8 19. Bf3 a5 20. Be3 Rdc8 21.
Kg2 e5 22. Bb6 e4 23. Bxe4 Rxe2 24. Bd3 Re5 25. a4 Rd5 26. Bc4 Re5 27. Rd1 h5 28.
Rd7 Rf8 29. Bc7 Rf5 30. Bd5 Rc8 31. Bb7 Re8 32. Rd5 Rf6 33. Rxa5 Re2 34. Bf4 Kh7 35. Bf3 Rb2 36. Rb5 1-0

[Event "*** Titled Tuesday 3|2 Blitz"]
[Site "Chess.com"]
[Date "2016.09.06"]
[Round "7"]
[White "pedromartinez91"]
[Black "Rating-Schmating"]
[Result "1-0"]
[WhiteElo "2380"]
[BlackElo "2220"]
[TimeControl "180+2"]
[EndTime "12:26:55 PDT"]
[Termination "pedromartinez91 won by resignation"]

1. e4 e6 2. d4 d5 3. Nd2 a6 4.
Ne2 c5 5. exd5 exd5 6. Nf3 Nf6 7. Ng3 Nc6 8. Be2 cxd4 9. Nxd4 Bc5 10. Nxc6 bxc6 11.
O-O O-O 12. Bg5 Be7 13. Bf3 Be6 14. Re1 Nd7 15. Bxe7 Qxe7 16. c4 Qf6 17. cxd5 cxd5 18. Bxd5 Bxd5 19. Qxd5 Rfd8 20. Rad1 h6 21. b3 Nb6 22.
Qb7 Rxd1 23. Rxd1 Kh7 24. h3 a5 25. Qe4+ g6 26. Qb7 Kg7 27. Ne4 Qe5 28. Nd6 Rd8 29.
Qxb6 Qe2 30. Qd4+ Kh7 31. Qd2 Qe5 32. Qd5 Qe2 33. Qxf7+ Kh8 34. Qf6+ Kh7 35. Qd4 Qe6 36. Qd5 Qe1+ 37. Rxe1 1-0

[Event "*** Titled Tuesday 3|2 Blitz"]
[Site "Chess.com"]
[Date "2016.09.06"]
[Round "7"]
[White "mwpchess"]
[Black "jb2mix"]
[Result "0-1"]
[WhiteElo "2429"]
[BlackElo "2425"]
[TimeControl "180+2"]
[EndTime "12:27:14 PDT"]
[Termination "jb2mix won by resignation"]

1. e4 c6 2. d4 d5 3. e5 Bf5 4. h4 h5 5. Bd3 Bxd3 6. Qxd3 e6 7.
Bg5 Be7 8. Nf3 Qb6 9. Nbd2 Nd7 10. c4 Qa6 11. b3 O-O-O 12. Bxe7 Nxe7 13. Ng5 Rdf8 14. O-O Nf5 15. g3 c5 16. b4 Nxd4 17. bxc5 Nc6 18. Qc2 Ndxe5 19. cxd5 exd5 20. Rab1 f6 21. Qf5+ Kb8 22. Ne6 Rf7 23. Nf4 Qxa2 24. Nb3 Rd7 25.
Ng6 Rhd8 26. Qxh5 d4 27. Nxe5 Nxe5 28. c6 Nxc6 29. Nc5 Re7 30. Qf3 Qd5 31. Qa3 d3 32. Na6+ Ka8 33. Qxe7 Nxe7 34. Nc7+ Kb8 35. Nxd5 Nxd5 36.
Rfd1 Nc3 37. Kf1 d2 38. f4 Nxb1 0-1

[Event "*** Titled Tuesday 3|2 Blitz"]
[Site "Chess.com"]
[Date "2016.09.06"]
[Round "7"]
[White "severomorskij"]
[Black "E-Shaposhnikov"]
[Result "0-1"]
[WhiteElo "2611"]
[BlackElo "2666"]
[TimeControl "180+2"]
[EndTime "12:27:28 PDT"]
[Termination "E-Shaposhnikov won by resignation"]

1. d4 Nf6 2. c4 e6 3. Nf3 b6 4. g3 Ba6 5. Qb3 Nc6 6. Nbd2 Na5 7. Qa4 c5 8. dxc5 bxc5 9. Bg2 Bb7 10. O-O Be7 11.
Ne5 Qc7 12. Bxb7 Nxb7 13. Ndf3 O-O 14. Bg5 Rfd8 15. Rfd1 Nd6 16. Rd3 Nde4 17. Bf4 d6 18. Nc6 Rdc8 19. Nxe7+ Qxe7 20. Rad1 e5 21. Bg5 Nxg5 22.
Nxg5 h6 23. Nh3 Rab8 24. Qc2 Qd7 25. g4 Qxg4+ 26. Rg3 Qe6 27. Kh1 d5 28. cxd5 Nxd5 29. Rdg1 Nf6 30. Rxg7+ Kf8 31. Qd2 Ke7 32. Qe3 Rxb2 33.
Qxh6 Rxe2 34. Ng5 Qd5+ 35. f3 Rf8 36. Qh4 c4 37. Ne4 Rxe4 38. fxe4 Qxe4+ 39. Qxe4 Nxe4 40. Re1 Nf2+ 41. Kg2 Nd3 42. Re4 c3 43. Rc4 c2 44.
Kf3 c1=Q 45. Rxc1 Nxc1 46. Ke4 0-1

[Event "*** Titled Tuesday 3|2 Blitz"]
[Site "Chess.com"]
[Date "2016.09.06"]
[Round "7"]
[White "Haykos"]
[Black "alturas_pacificas"]
[Result "1-0"]
[WhiteElo "2251"]
[BlackElo "2144"]
[TimeControl "180+2"]
[EndTime "12:27:31 PDT"]
[Termination "Haykos won by checkmate"]

1. e4 g6 2. d4 Bg7 3. Nc3 d6 4.
Nf3 a6 5. a4 b6 6. Be3 Bb7 7. Bc4 e6 8. Qd2 Nd7 9. Ng5 Qe7 10. f3 h6 11. Nh3 Rc8 12. Qe2 a5 13.
Qd2 Ngf6 14. O-O d5 15. Bd3 dxe4 16. fxe4 c5 17. e5 Ng4 18. Nb5 O-O 19. c3 Rcd8 20. Nd6 Bc6 21. Rf4 Nxe3 22. Qxe3 cxd4 23. cxd4 f5 24.
Rf2 g5 25. Rc2 Bd5 26. Rc7 Rf7 27. Rac1 Kh7 28. Bb5 Rff8 29. Ra7 Kg6 30. Rcc7 f4 31. Qd3+ Kh5 32. Rxd7 Rxd7 33. Rxd7 Re8 34. Rxe7 Rxe7 35. Be8+ Kg4 36. Nf2+ Kh4 37. g3+ fxg3 38. hxg3# 1-0

[Event "*** Titled Tuesday 3|2 Blitz"]
[Site "Chess.com"]
[Date "2016.09.06"]
[Round "7"]
[White "Tesla37"]
[Black "Krutoy123"]
[Result "0-1"]
[WhiteElo "2590"]
[BlackElo "2469"]
[TimeControl "180+2"]
[EndTime "12:27:35 PDT"]
[Termination "Krutoy123 won by resignation"]

1. e4 c5 2. Nf3 Nc6 3. Nc3 g6 4. d4 cxd4 5. Nxd4 Bg7 6. Nde2 Nf6 7. g3 O-O 8. Bg2 Rb8 9. a4 a6 10. O-O b5 11. axb5 axb5 12. Re1 d6 13. h3 Nd7 14.
Nd5 b4 15. Ra2 b3 16. cxb3 Nc5 17. Ra3 e6 18. Ne3 Nb4 19. Nf4 Bb7 20. Nc4 e5 21.
Nd5 Nbd3 22. Rf1 Bxd5 23. exd5 Nxc1 24. Qxc1 Nxb3 25. Qd1 Nd4 26. Qd3 f5 27. Ra7 Qf6 28.
Ra6 Rfd8 29. Kh2 h5 30. Qd2 h4 31. Na5 e4 32. Nc6 hxg3+ 33. fxg3 Nf3+ 34. Rxf3 exf3 35. Nxb8 Rxb8 36. Qf4 fxg2 37. Rxd6 Qxb2 38. Rxg6 g1=Q+ 39. Kxg1 Qa1+ 40. Kf2 Rb2+ 0-1

[Event "*** Titled Tuesday 3|2 Blitz"]
[Site "Chess.com"]
[Date "2016.09.06"]
[Round "7"]
[White "AlexanderL"]
[Black "maciek_92"]
[Result "0-1"]
[WhiteElo "2521"]
[BlackElo "2538"]
[TimeControl "180+2"]
[EndTime "12:27:50 PDT"]
[Termination "maciek_92 won on time"]

1. d4 Nf6 2. c4 e6 3. Nc3 Bb4 4. Qc2 O-O 5. Nf3 d5 6. a3 Be7 7. cxd5 exd5 8. Bg5 Bg4 9. e3 Nbd7 10. Bd3 Bh5 11.
Ne5 Bg6 12. Nxg6 hxg6 13. O-O c6 14. b4 Rc8 15. Qb3 a6 16. a4 Ne4 17. Bxe7 Qxe7 18. Bxe4 dxe4 19. b5 axb5 20. axb5 c5 21. Rfd1 cxd4 22.
Rxd4 Nc5 23. Qb4 Rfe8 24. b6 f5 25. Nd5 Qe5 26. Nc7 Rf8 27. Rad1 Nd3 28. Qb3+ Rf7 29. Rd7 Rf8 30. Nb5 Nc5 31. Qc4 Nxd7 32. Nd6 Nxb6 0-1

[Event "*** Titled Tuesday 3|2 Blitz"]
[Site "Chess.com"]
[Date "2016.09.06"]
[Round "7"]
[White "Misha_Bilous"]
[Black "saraswathii"]
[Result "1-0"]
[WhiteElo "2371"]
[BlackElo "2116"]
[TimeControl "180+2"]
[EndTime "12:27:52 PDT"]
[Termination "Misha_Bilous won by resignation"]

1. d4 Nc6 2. d5 Ne5 3. g3 Nf6 4. Bg2 Ng6 5. Nf3 e6 6. c4 Bc5 7. O-O exd5 8. cxd5 d6 9. Nc3 O-O 10. Nd4 h6 11. a3 a6 12. b4 Bb6 13. Bb2 Qe7 14. Rc1 Re8 15. Qd3 Ne5 16. Qd1 Nc4 17. Ba1 Nxa3 18. Na4 Nb5 19. Nxb6 cxb6 20. Nxb5 axb5 21.
Re1 Ra2 22. Rc2 Ra4 23. Qd4 Bf5 24. Rc3 Be4 25. Re3 Qe5 26. Qxe5 dxe5 27. Bxe4 Rxb4 28. Bg2 Nd7 29. Bh3 Nf6 30. Rd1 Re4 31. Rxe4 Nxe4 32. d6 f6 33. Bg2 Nc5 34. Rb1 Rd8 35. Rd1 Kf7 36. Bd5+ Kf8 37. Ba2 b4 38. Bc4 Ne4 39.
d7 Ke7 40. Rb1 Rxd7 41. Kg2 Nc3 42. Rxb4 Nd1 43. Rxb6 Rc7 44. Bd3 Rc1 45. Rb1 Rxb1 46. Bxb1 b5 47. Bc2 1-0

[Event "*** Titled Tuesday 3|2 Blitz"]
[Site "Chess.com"]
[Date "2016.09.06"]
[Round "7"]
[White "Usurpov"]
[Black "popov_m"]
[Result "1-0"]
[WhiteElo "2323"]
[BlackElo "2135"]
[TimeControl "180+2"]
[EndTime "12:27:54 PDT"]
[Termination "Usurpov won by resignation"]

1. e4 e6 2. d4 d5 3. e5 c5 4. c3 Nc6 5. Nf3 Qb6 6. a3 f6 7. Bd3 fxe5 8. Nxe5 Nf6 9. O-O Bd6 10. Nxc6 bxc6 11.
dxc5 Bxc5 12. b4 Bd6 13. c4 Qb8 14. h3 a5 15. b5 cxb5 16. cxb5 O-O 17. a4 e5 18. Ba3 e4 19. Bc2 Bh2+ 20. Kh1 Re8 21. Nd2 Be5 22. Rc1 Be6 23. Nb3 Qa7 24. Bc5 Qf7 25.
Nd4 Bc8 26. Bb3 Kh8 27. Nc6 Bf4 28. Be3 Bd6 29. Bc5 Bf4 30. Be3 Bxe3 31. fxe3 Bb7 32. Nd4 Qg6 33. Rc7 Rab8 34. Nf5 Nh5 35. g4 Nf6 36.
Rxg7 Qxg7 37. Nxg7 Kxg7 38. Qd4 Re6 39. g5 1-0